 Dungeon Crawl Stone Soup version 0.27-a0-34-gc18c9092ac (webtiles) character file.

Game seed: 12728297332879694859

28 jestyr24 the Stinger (level 3, -3/26 HPs)
             Began as a Formicid Venom Mage on Jan 5, 2021.
             Killed from afar by Sigmund (4 damage)
             ... with a puff of flame
             ... on level 2 of the Dungeon.
             The game lasted 00:10:21 (1936 turns).

jestyr24 the Stinger (Formicid Venom Mage)          Turns: 1936, Time: 00:10:21

Health: -3/26      AC:  2    Str: 12    XL:     3   Next: 27%
Magic:  13/15      EV: 12    Int: 15    God:
Gold:   80         SH:  0    Dex: 11    Spells: 4/7 levels left

rFire    . . .     SeeInvis +   j - +0 war axe
rCold    . . .     Faith    .   (no shield)
rNeg     . . .     Spirit   .   a - +0 robe
rPois    .         Reflect  .   (helmet unavailable)
rElec    .         Harm     .   (no cloak)
rCorr    .         Rampage  .   (no gloves)
Will     .....                  (no boots)
Stlth    ++........             (no amulet)
HPRegen  0.08/turn              (no ring)
MPRegen  0.14/turn              f - ring of magical power

@: no status effects
A: permanent stasis, dig shafts and tunnels, four strong arms, antennae 3
a: Dig, Shaft Self


You were on level 2 of the Dungeon.
You visited 1 branch of the dungeon, and saw 2 of its levels.

You collected 80 gold pieces.

Inventory:

Hand Weapons
 c - a +0 club
 j - a +0 war axe (weapon)
Missiles
 m - 4 boomerangs
Armour
 a - a +0 robe (worn)
Jewellery
 f - a ring of magical power (right hand)
Scrolls
 b - a scroll of enchant weapon {unknown}
 d - a scroll of teleportation {unknown}
 e - a scroll of fog {unknown}
 g - 3 scrolls of identify {unknown}
 h - a scroll of immolation {unknown}
Potions
 i - a potion of mutation {unknown}
 k - 3 potions of curing {unknown}
 l - a potion of lignification {unknown}


   Skills:
 * Level 1.1 Fighting
 + Level 1.9 Dodging
 + Level 2.7 Stealth
 * Level 2.5 Spellcasting
 + Level 1.2 Transmutations
 + Level 0.3 Air Magic
 * Level 4.3 Poison Magic


You had 4 spell levels left.
You knew the following spells:

 Your Spells              Type           Power        Failure   Level
a - Sting                 Tmut/Pois      40%          7%          1
b - Poisonous Vapours     Pois/Air       16%          12%         2

Your spell library contained the following spells:

 Spells                   Type           Power        Failure   Level
 Ignite Poison            Fire/Tmut/Pois 7%           28%         3
 Mephitic Cloud           Conj/Pois/Air  6%           32%         3
 Olgreb's Toxic Radiance  Pois           14%          34%         4


Dungeon Overview and Level Annotations

Branches:
Dungeon (2/15)

Altars:

Annotations:
D:2 Sigmund


Innate Abilities, Weirdness & Mutations

You cannot be hasted, slowed, berserked, paralysed or teleported.
You can dig through walls and to a lower floor.
Your four strong arms can wield two-handed weapons with a shield.
You have a pair of large antennae on your head. (SInv)


Message History

Sigmund zaps a wand.
The puff of flame hits you!
Sigmund hits you from afar with a +0 scythe.
* * * LOW HITPOINT WARNING * * *
You're too confused to cast spells.
Okay, then.
You bump into the rock wall.
Sigmund hits you from afar with a +0 scythe.
* * * LOW HITPOINT WARNING * * *
You bump into the rock wall.
You feel less confused. Sigmund barely misses you.
Sigmund points at himself and mumbles some strange words.
Sigmund flickers and vanishes for a moment.
You closely miss Sigmund.
Sigmund is moderately wounded.
Sigmund completely misses you.
You hit Sigmund.
Sigmund is heavily wounded.
Sigmund zaps a wand.
The puff of flame hits you.
You die...

###### .....# ####.#
# #.#### ## # #.#..
.# # #.#.#### .#
####.#....# .#
#.......#.#######.##
#...............@@.#
#.......#.#######$.#
#########.# ..# #.#
..# #.# ..# #.# ..#
#.# ..# #. ..#


You could see Sigmund (fast, invisible, poisoned).

Vanquished Creatures
  A worm (D:2)
  3 bats
  2 giant cockroaches
  5 goblins (D:2)
  4 hobgoblins (D:1)
  4 kobolds (D:2)
  2 frilled lizards
21 creatures vanquished.

Notes
Turn   | Place    | Note
-------+----------+-------------------------------------------
     0 | D:1      | jestyr24 the Formicid Venom Mage began the quest for the
                  | Orb.
     0 | D:1      | Reached XP level 1. HP: 13/13 MP: 3/3
   500 | D:1      | Reached XP level 2. HP: 19/19 MP: 5/5
  1152 | D:2      | Learned a level 2 spell: Poisonous Vapours
  1405 | D:2      | Reached skill level 1 in Fighting
  1516 | D:2      | Reached XP level 3. HP: 26/26 MP: 6/6
  1925 | D:2      | Noticed Sigmund
  1932 | D:2      | HP: 1/26 [Sigmund/+0 scythe (6)]
  1936 | D:2      | Killed from afar by Sigmund

Illustrated notes

Levels and vault maps discovered:
D:1:      dpeg_arrival_water_fire, layout_loops_ring, fountainhead
D:2:      layout_basic, uniq_sigmund, uniq_crazy_yiuf_cottage

Skill      XL: |  1  2 |
---------------+-------+-----
Fighting       | 1 |  1.1
Dodging        | |  1.9
Stealth        | |  2.7
Spellcasting   | |  2.5
Transmutations | |  1.2
Air Magic      | |  0.3
Poison Magic   | |  4.3

Action                   || total
-------------------------++-------
Melee: Unarmed           ||     5
       Club              ||     4
       War axe           ||     7
 Cast: Sting             ||    24
       Poisonous Vapours ||    15
Armor: Robe              ||     4
Dodge: Dodged            ||    24

Table legend: (Time is in decaauts)
 A = Elapsed time spent in this place.
 B = Non-inter-level travel time spent in this place.
 C = Inter-level travel time spent in this place.
 D = Time resting spent in this place.
 E = Time spent auto-exploring this place.
 F = Levels seen in this place.
 G = Mean time per level.
                   A        B        C        D        E       F      G
               +--------+--------+--------+--------+--------+-----+--------+
         Total |   1937 |   1831 |    106 |    445 |    789 |   2 |  968.5 |
       Dungeon |   1937 |   1831 |    106 |    445 |    789 |   2 |  968.5 |
               +--------+--------+--------+--------+--------+-----+--------+

Top non-repeatable levels by time:
     D:1: 1082 daAuts
     D:2: 855 daAuts
